 Dungeon Sprint DCSS version 0.17-a0-1738-g82cdc46 (webtiles) character file.

3500000 ztt the Plane Walker (level 23, -9/240 HPs)
             Began as a Ghoul Warper on Aug 30, 2015.
             Was the Champion of Makhleb.
             Mangled by a destroyer
             ... wielding a +9 great sword of slicing
              (85 damage)
             ... in the Dungeon (Sprint VIII: "Arena of Blood").
             The game lasted 00:00:59 (35 turns).

ztt the Plane Walker (Ghoul Warper)                   Turns: 35, Time: 00:00:59

Health: -9/240     AC:  6    Str: 18    XL:     23   Next: 68%
Magic:  7/53       EV: 30    Int:  8    God:    Makhleb [******]
Gold:   0          SH:  0    Dex: 15    Spells: 1 memorised, 75 levels left

rFire  . . .     SeeInvis +     l - +∞ Axe of Woe
rCold  + . .     Clarity  .     b - +0 leather armour
rNeg   + + +     SustAt   .     (no shield)
rPois  ∞         Gourm    .     (no helmet)
rElec  .         Spirit   .     (no cloak)
rCorr  .         Warding  .     (no gloves)
rMut   .         NoTele   +     (no boots)
MR     +....                    (no amulet)
Stlth  +++++++++.               (no ring)
                                m - ring of see invisible

@: rotting, somewhat resistant to hostile enchantments, incredibly stealthy
A: rotting body, claws 1, carnivore 3, cold resistance 1, negative energy
resistance 3, slow healing 1, torment resistance, unbreathing
a: Minor Destruction, Lesser Servant of Makhleb, Major Destruction, Greater
Servant of Makhleb, Renounce Religion


You were in the Dungeon.
You worshipped Makhleb.
Makhleb was exalted by your worship.
You were not hungry.

You visited 1 branch

Inventory:

Hand weapons
 a - a +0 hand axe
 l - the +∞ Axe of Woe (weapon)
   (You found it in the Dungeon)
Missiles
 e - 5 tomahawks of dispersal (quivered)
Armour
 b - a +0 leather armour (worn)
Jewellery
 m - a ring of see invisible (left claw)
Scrolls
 d - 2 scrolls of blinking
Potions
 g - a potion of curing
 h - a potion of heal wounds
 i - a potion of haste
 j - 2 potions of magic
 k - a potion of berserk rage
Books
 c - a book of Spatial Translocations

   Spells                             Type                      Level
   a - Apportation                    Translocation                1
   b - Blink                          Translocation                2
   c - Shroud of Golubria             Charms/Translocation         2
   d - Portal Projectile              Translocation                3
   e - Teleport Other                 Translocation                3
   f - Passage of Golubria            Translocation                4
Comestibles
 f - a meat ration


   Skills:
 O Level 27 Fighting
 O Level 27 Axes
 O Level 27 Throwing
 O Level 27 Armour
 O Level 27 Dodging
 + Level 24.7 Stealth
 + Level 22.8 Unarmed Combat
 O Level 27 Spellcasting
 O Level 27 Translocations
 + Level 22.8 Invocations


You had 75 spell levels left.
You knew the following spells:

 Your Spells              Type           Power        Failure   Level  Hunger
a - Apportation           Tloc           ######....   0%          1    None


Dungeon Overview and Level Annotations

Branches:
Dungeon (1/1)

Altars:
Makhleb

Annotations:
D The Servant


Innate Abilities, Weirdness & Mutations

Your body is rotting away.
You thrive on raw meat.
You are immune to poison.
You have sharp fingernails.
You are carnivorous and can eat meat at any time.
Your flesh is cold resistant.
You are immune to negative energy.
You heal slowly when monsters are visible.
You are immune to unholy pain and torment.
You can survive without breathing.


Message History

m - a ring of see invisible (left claw)
You hear a shout!
Unknown command.
You hear a shout! x11
The Servant hits you from afar with a +9 glaive of flaming!!!!
Ouch! That really hurt!
The Servant burns you!!
You hear a shout! x2
The sculptor of flesh appears out of thin air!
A sculptor of flesh comes into view. It is wielding a +9 great sword.
The sculptor of flesh appears out of thin air!
A sculptor of flesh comes into view. It is wielding a +9 great sword.
A bag of meat comes into view. It is wielding a +9 war axe.
Unknown command.
You hear a shout! x3
Some corpses begin to drag themselves along the ground!
Some corpses meld into agglomerations of writhing flesh!
The destroyer is engulfed in roaring flames.
The destroyer hits you with a +9 great sword of slicing!!!!
You die...

.....#.......# ...
.....#...).).#....
.........)))......
......xx.%.......#
.....zx.)x)Xx...#.
......)C§§C...##..
....#.zz§x§..#....
........V§o..#...
...##.#@.x...o....
.......@..........
###....#.....####
...............
..%............
##..... .......
###### #######


You could see The Servant, a destroyer, 3 sculptors of flesh, 2 large bags of
meat, a large abomination, 4 small abominations and 2 bags of meat.

Vanquished Creatures
  2 vampire knights (D)
  5 ogres (D)
  26 orcs (D)
  A hill giant (D)
34 creatures vanquished.

Notes
Turn   | Place    | Note
--------------------------------------------------------------
     0 | D        | ztt the Ghoul Warper began the quest for the Orb.
     0 | D        | Reached XP level 1. HP: 17/17 MP: 2/2
     3 | D        | Noticed a bag of meat
     4 | D        | Noticed a bag of meat
     4 | D        | Became a worshipper of Makhleb the Destroyer
     5 | D        | Noticed a bag of meat
     7 | D        | Noticed a bag of meat
     7 | D        | Noticed a bag of meat
     8 | D        | Noticed a bag of meat
     8 | D        | Noticed a bag of meat
     8 | D        | Noticed a bag of meat
     8 | D        | Noticed a bag of meat
     8 | D        | Noticed a bag of meat
     8 | D        | Noticed a bag of meat
     8 | D        | Noticed a bag of meat
     8 | D        | Noticed a bag of meat
     9 | D        | Noticed a bag of meat
     9 | D        | Noticed a bag of meat
     9 | D        | Noticed a bag of meat
    10 | D        | Noticed a bag of meat
    10 | D        | Noticed a bag of meat
    10 | D        | Killed a bag of meat
    10 | D        | Reached skill level 11 in Fighting
    10 | D        | Reached skill level 10 in Spellcasting
    10 | D        | Reached skill level 17 in Translocations
    10 | D        | Reached XP level 2. HP: 20/40 MP: 2/12
    10 | D        | Reached XP level 3. HP: 23/47 MP: 2/13
    10 | D        | Reached XP level 4. HP: 26/55 MP: 2/15
    10 | D        | Reached XP level 5. HP: 28/60 MP: 2/16
    10 | D        | Reached XP level 6. HP: 31/68 MP: 2/18
    10 | D        | Reached XP level 7. HP: 33/74 MP: 2/19
    10 | D        | Reached XP level 8. HP: 36/82 MP: 2/21
    10 | D        | Reached XP level 9. HP: 39/89 MP: 2/22
    10 | D        | Reached XP level 10. HP: 41/95 MP: 2/23
    10 | D        | Reached XP level 11. HP: 44/102 MP: 2/24
    10 | D        | Reached XP level 12. HP: 47/110 MP: 2/25
    10 | D        | Killed a bag of meat
    10 | D        | Acquired Makhleb's first power
    10 | D        | Reached skill level 20 in Translocations
    10 | D        | Reached XP level 13. HP: 88/119 MP: 2/27
    11 | D        | Noticed a bag of meat
    11 | D        | Killed a bag of meat
    11 | D        | Reached skill level 21 in Translocations
    11 | D        | Reached XP level 14. HP: 84/130 MP: 2/29
    11 | D        | Killed a bag of meat
    11 | D        | Acquired Makhleb's second power
    11 | D        | Reached skill level 5 in Armour
    11 | D        | Reached skill level 23 in Translocations
    11 | D        | Killed a bag of meat
    11 | D        | Reached skill level 15 in Fighting
    11 | D        | Reached skill level 5 in Throwing
    11 | D        | Reached skill level 24 in Translocations
    11 | D        | Reached XP level 15. HP: 138/141 MP: 2/32
    11 | D        | Killed a bag of meat
    11 | D        | Acquired Makhleb's third power
    11 | D        | Reached skill level 15 in Spellcasting
    11 | D        | Reached skill level 25 in Translocations
    12 | D        | Noticed a meat berserker
    12 | D        | Killed a bag of meat
    12 | D        | Reached skill level 15 in Axes
    12 | D        | Reached skill level 26 in Translocations
    12 | D        | Reached XP level 16. HP: 152/155 MP: 2/34
    12 | D        | Killed a bag of meat
    12 | D        | Reached skill level 15 in Dodging
    12 | D        | Killed a bag of meat
    12 | D        | Acquired Makhleb's fourth power
    12 | D        | Reached skill level 27 in Translocations
    13 | D        | Noticed a bag of meat
    13 | D        | Killed a bag of meat
    13 | D        | Reached XP level 17. HP: 166/170 MP: 2/37
    13 | D        | Killed a bag of meat
    13 | D        | Killed a bag of meat
    13 | D        | Acquired Makhleb's fifth power
    14 | D        | Killed a bag of meat
    14 | D        | Reached skill level 10 in Armour
    14 | D        | Reached XP level 18. HP: 184/187 MP: 3/40
    14 | D        | Killed a bag of meat
    14 | D        | Killed a bag of meat
    14 | D        | Killed a bag of meat
    15 | D        | Killed a bag of meat
    15 | D        | Reached XP level 19. HP: 201/204 MP: 3/42
    15 | D        | Killed a meat berserker
    15 | D        | Reached skill level 27 in Fighting
    17 | D        | Noticed a bag of meat
    17 | D        | Killed a bag of meat
    17 | D        | Reached skill level 27 in Axes
    17 | D        | Reached skill level 10 in Throwing
    19 | D        | Noticed a large bag of meat
    19 | D        | Noticed a bag of meat
    19 | D        | Noticed a bag of meat
    20 | D        | Noticed a meat berserker
    20 | D        | Noticed a bag of meat
    20 | D        | Noticed a meat berserker
    20 | D        | Killed a bag of meat
    20 | D        | Reached skill level 15 in Armour
    21 | D        | Killed a bag of meat
    21 | D        | Reached XP level 20. HP: 216/216 MP: 4/45
    22 | D        | Noticed a bag of meat
    22 | D        | Noticed a destroyer
    23 | D        | Noticed a meat berserker
    23 | D        | Noticed a bag of meat
    23 | D        | Killed a destroyer
    23 | D        | Killed a bag of meat
    23 | D        | Reached skill level 27 in Dodging
    23 | D        | Killed a large bag of meat
    23 | D        | Reached XP level 21. HP: 219/224 MP: 5/49
    24 | D        | Killed a meat berserker
    24 | D        | Reached skill level 15 in Throwing
    24 | D        | Reached skill level 27 in Spellcasting
    24 | D        | Killed a meat berserker
    24 | D        | Reached skill level 27 in Armour
    25 | D        | Noticed a meat berserker
    25 | D        | Killed a bag of meat
    26 | D        | Killed a bag of meat
    26 | D        | Reached XP level 22. HP: 218/233 MP: 6/52
    26 | D        | Killed a bag of meat
    26 | D        | Noticed a destroyer
    28 | D        | Noticed a destroyer
    28 | D        | Noticed a large bag of meat
    28 | D        | Killed a bag of meat
    28 | D        | Reached skill level 27 in Throwing
    28 | D        | Killed a meat berserker
    30 | D        | Noticed a sculptor of flesh
    30 | D        | Noticed The Servant
    30 | D        | Noticed a large bag of meat
    30 | D        | Killed a bag of meat
    30 | D        | Reached skill level 15 in Unarmed Combat
    30 | D        | Reached skill level 15 in Invocations
    31 | D        | Noticed a bag of meat
    31 | D        | Killed a meat berserker
    31 | D        | Reached XP level 23. HP: 240/240 MP: 6/53
    31 | D        | Killed a destroyer
    35 | D        | Noticed a bag of meat
    35 | D        | Noticed a sculptor of flesh
    35 | D        | Noticed a sculptor of flesh
    35 | D        | Mangled by a destroyer

Vault maps used:
D:        meatsprint

Action                   |  1- 3 |  4- 6 |  7- 9 | 10-12 | 13-15 | 16-18 | 19-21 | 22-24 || total
-------------------------+-------+-------+-------+-------+-------+-------+-------+-------++-------
Melee: Executioner's axe |     1 |       |       |       |     2 |     3 |     7 |     3 ||    16
 Cast: Apportation       |       |       |       |       |       |       |       |     1 ||     1
